 Dungeon Crawl Stone Soup version 0.31-a0-354-g827e0957a7 (webtiles) character file.

Game seed: 15155048516982083898

221 arthad the Trooper (level 5, 0/59 HPs)
             Began as an Ogre Berserker on July 23, 2023.
             Was a Believer of Trog.
             Slain by a river rat (3 damage)
             ... summoned by Eustachio
             ... on level 4 of the Dungeon.
             The game lasted 00:03:37 (2992 turns).

arthad the Trooper (Ogre Berserker)                 Turns: 2992, Time: 00:03:38

Health: 0/59       AC:  4    Str: 23    XL:     5   Next: 98%
Magic:  5/5        EV: 10    Int:  8    God:    Trog [**....]
Gold:   124        SH:  0    Dex:  8    Spells: 4/4 levels left

rFire   . . .        a - +0 hand axe
rCold   . . .        h - orb {mayhem}
rNeg    . . .        b - +0 animal skin
rPois   .            (helmet restricted)
rElec   .            n - +0 cloak
rCorr   .            (gloves unavailable)
SInv    .            (boots unavailable)
Will    .....        (no amulet)
Stlth   +            (no ring)
HPRegen 0.29/turn    (no ring)
MPRegen 0.09/turn

%: mayhem
@: on berserk cooldown, slowed, very slow
A: large, unfitting armour, tough skin 1
a: Renounce Religion, Berserk, Trog's Hand


You were on level 4 of the Dungeon.
You worshipped Trog.
Trog was pleased with you.
You visited 1 branch of the dungeon, and saw 4 of its levels.

You collected 124 gold pieces.

Inventory:

Hand Weapons
 a - a +0 hand axe (weapon)
 m - a +2 quarterstaff of chaos
Armour
 b - a +0 animal skin (worn)
 h - an orb of mayhem (worn)
 k - a +2 tower shield
 n - a +0 cloak (worn)
Wands
 p - a wand of charming (7)
Scrolls
 e - a scroll of enchant weapon {unknown}
 f - 2 scrolls of noise {unknown}
 i - a scroll of identify {unknown}
 l - a scroll of revelation {unknown}
 o - a scroll of fog {unknown}
 q - a scroll of vulnerability {unknown}
Potions
 d - 3 potions of enlightenment {unknown}
 g - 2 potions of curing {unknown}
 j - a potion of might {unknown}


   Skills:
 * Level 6.0 Fighting
 * Level 4.4 Axes
 + Level 1.4 Armour
 + Level 3.3 Dodging


You had 4 spell levels left.
You didn't know any spells.
Your spell library contained the following spells:

 Spells                   Type           Power      Damage    Failure   Level
 Blink                    Tloc           0%         N/A       54%         2
 Lesser Beckoning         Tloc           0%         N/A       54%         2
 Momentum Strike          Conj/Tloc      0%         3d8       54%         2


Dungeon Overview and Level Annotations

Branches:
Dungeon (4/15)
 Temple: D:4-7

Altars:
Nemelex Xobeh

Annotations:
D:4 Eustachio


Innate Abilities, Weirdness & Mutations

You are too large for most types of armour.
You have tough skin. (AC +1)


Message History

Eustachio casts a spell.
The rat misses you. The river rat bites you.
You barely miss Eustachio.
Eustachio is heavily wounded.
You hit the rat but do no damage. You closely miss the river rat.
Eustachio hits you with a +0 rapier. The river rat closely misses you.
The rat closely misses you. Eustachio hits you with a +0 rapier.
You hit Eustachio.
Eustachio is heavily wounded.
You hit the river rat. You barely miss the rat. The river rat bites you.
The rat barely misses you. Eustachio barely misses you.
The river rat bites you. The rat bites you.
You hit Eustachio.
Eustachio is severely wounded.
You hit the river rat. You hit the rat.
You kill the rat!
The rat's corpse disappears in a puff of smoke!
Eustachio hits you with a +0 rapier. x2
You hit Eustachio.
Eustachio is almost dead.
You hit the river rat but do no damage. x2
The river rat bites you but does no damage.
The river rat bites you! Eustachio barely misses you.
The river rat barely misses you. The river rat misses you.
You hit Eustachio but do no damage.
Eustachio is almost dead.
You barely miss the river rat. You hit the river rat but do no damage.
Eustachio hits you with a +0 rapier.
* * * LOW HITPOINT WARNING * * *
The river rat bites you!
* * * LOW HITPOINT WARNING * * *
The river rat bites you but does no damage.
Eustachio hits you with a +0 rapier.
* * * LOW HITPOINT WARNING * * *
The river rat bites you.
* * * LOW HITPOINT WARNING * * *
You closely miss Eustachio.
Eustachio is almost dead.
You hit the river rat. You barely miss the river rat. The river rat bites you.
You die...

.# #.## #>..
... #.#
##.######
#r@...... #@r#
#..# #<.#
#..######
#.....(.#
#.(((..>.###.#
..####.#.#
..... ##.#.##


You could see Eustachio and 2 river rats.

Vanquished Creatures
  A water moccasin (D:3)
  Crazy Yiuf (D:2)
  Terence (D:2)
  An adder (D:3)
  2 dart slugs (D:1)
  4 endoplasms
  3 giant cockroaches
  9 goblins
  7 hobgoblins
  3 kobolds
  3 quokkas
  8 ball pythons
  A bat (D:1)
  6 frilled lizards
  A rat (D:2)
51 creatures vanquished.

Notes
Turn   | Place    | Note
-------+----------+-------------------------------------------
     0 | D:1      | arthad the Ogre Berserker began the quest for the Orb.
     0 | D:1      | Reached XP level 1. HP: 24/24 MP: 1/1
   146 | D:1      | Reached XP level 2. HP: 32/32 MP: 2/2
   437 | D:1      | Reached XP level 3. HP: 40/40 MP: 3/3
   443 | D:1      | Reached ** piety under Trog
  1380 | D:2      | Found a runed translucent door.
  1381 | D:2      | Noticed Crazy Yiuf
  1478 | D:2      | Noticed Terence
  1490 | D:2      | Killed Terence
  1491 | D:2      | Reached skill level 5 in Fighting
  1491 | D:2      | Reached XP level 4. HP: 25/50 MP: 4/4
  1697 | D:2      | Found a faded altar of an unknown god.
  1755 | D:2      | Killed Crazy Yiuf
  1756 | D:2      | Reached skill level 1 in Armour
  2104 | D:3      | Reached XP level 5. HP: 54/57 MP: 5/5
  2419 | D:3      | Noticed a water moccasin
  2433 | D:3      | Killed a water moccasin
  2803 | D:3      | Found a sparkling altar of Nemelex Xobeh.
  2834 | D:3      | Reached skill level 6 in Fighting
  2971 | D:4      | Noticed Eustachio
  2992 | D:4      | Slain by a river rat

Illustrated notes

Levels and vault maps discovered:
D:1:      onia_arrival_mini_spirals, layout_basic, nicolae_the_louvre
D:2:      layout_loops_ring, hellmonk_ecumenical_altar_prayer_group,
          uniq_crazy_yiuf_cottage, uniq_terence
D:3:      layout_loops_corners, mainiacjoe_overflow_surrounded_room
D:4:      layout_loops_ring, minmay_temple_entry_nine_rooms, uniq_eustachio

Skill      XL: |  1  2  3  4  5 |
---------------+----------------+-----
Fighting       | 5 6 |  6.0
Dodging        | 3 |  3.3
Armour         | 1 |  1.4
Axes           | 4 |  4.4

Action                     |  1- 3 |  4- 6 || total
---------------------------+-------+-------++-------
  Melee: Hand axe          |    84 |    69 ||   153
  Throw: Dart              |       |     3 ||     3
 Invoke: Berserk           |     1 |     3 ||     4
         Trog's Hand       |       |     1 ||     1
   Stab: Sleeping          |       |     1 ||     1
 Armour: Animal skin       |    19 |    16 ||    35
  Dodge: Dodged            |    43 |    47 ||    90

Table legend: (Time is in decaauts)
 A = Elapsed time spent in this place.
 B = Non-inter-level travel time spent in this place.
 C = Inter-level travel time spent in this place.
 D = Time resting spent in this place.
 E = Time spent auto-exploring this place.
 F = Levels seen in this place.
 G = Mean time per level.
                   A        B        C        D        E       F      G
               +--------+--------+--------+--------+--------+-----+--------+
         Total |   3034 |   2926 |    108 |     48 |   2508 |   4 |  758.5 |
       Dungeon |   3034 |   2926 |    108 |     48 |   2508 |   4 |  758.5 |
               +--------+--------+--------+--------+--------+-----+--------+

Top non-repeatable levels by time:
     D:3: 1080 daAuts
     D:2: 1070 daAuts
     D:1: 857 daAuts
     D:4: 27 daAuts
